| TOP OF THE 1ST |
|
Spokane Indians batting - Pitching for Vermont Lake Monsters : RHP Matt Constantino
|
|
Pitching: RHP Matt Constantino
|
|
|
Batting: LHB Paul Perry
|
0-0: Ball 1-0: Called Strike 1-1: Ball 2-1: Called Strike 2-2: Ground out 4-3 (Groundball, 34, EV 80.6 MPH)
|
|
Batting: LHB Gabriel Graves
|
0-0: Ball 1-0: Ball 2-0: Ball 3-0: Called Strike 3-1: Base on Balls
|
|
Batting: RHB Luke Stark
|
0-0: Ball 1-0: Foul Ball, location: 2F 1-1: Ball 2-1: Called Strike 2-2: Strikes out swinging
|
|
Batting: RHB Josh Whitmore
|
0-0: Called Strike 0-1: Ball 1-1: Swinging Strike 1-2: Strikes out looking
|
| Top of the 1st over - 0 runs, 0 hits, 0 errors, 1 left on base; Spokane 0 - Vermont 0 |
| BOTTOM OF THE 1ST |
|
Vermont Lake Monsters batting - Pitching for Spokane Indians : RHP Taylor Drews
|
|
Pitching: RHP Taylor Drews
|
|
|
Batting: RHB Carlos Martinez
|
0-0: Swinging Strike 0-1: Ball 1-1: Swinging Strike 1-2: Strikes out looking
|
|
Batting: RHB Mario Ramos
|
0-0: Ball 1-0: Swinging Strike 1-1: Foul Ball, location: 2F 1-2: Ball 2-2: Strikes out swinging
|
|
Batting: LHB Cy Ostrowski
|
0-0: Called Strike 0-1: Swinging Strike 0-2: Ball 1-2: Strikes out swinging
|
| Bottom of the 1st over - 0 runs, 0 hits, 0 errors, 0 left on base; Spokane 0 - Vermont 0 |
| TOP OF THE 2ND |
|
Spokane Indians batting - Pitching for Vermont Lake Monsters : RHP Matt Constantino
|
|
Batting: SHB Kaname Fujimoto
|
0-0: Ground out 1-3 (Groundball, 13, EV 65.6 MPH)
|
|
Batting: RHB Josh Ferguson
|
0-0: Swinging Strike 0-1: Fly out, F9 (Flyball, 89S, EV 88.8 MPH)
|
|
Batting: RHB Matt Strong
|
0-0: Ball 1-0: Foul Ball, location: 2F 1-1: Foul Ball, location: 2F 1-2: Ball 2-2: Ball 3-2: Ground out 5-3 (Groundball, 56, EV 101.9 MPH)
|
| Top of the 2nd over - 0 runs, 0 hits, 0 errors, 0 left on base; Spokane 0 - Vermont 0 |
| BOTTOM OF THE 2ND |
|
Vermont Lake Monsters batting - Pitching for Spokane Indians : RHP Taylor Drews
|
|
Batting: RHB Manny Vizzerra
|
0-0: Ball 1-0: Foul Ball, location: 2F 1-1: Ball 2-1: Foul Ball, location: 2F 2-2: Foul Ball, location: 2F 2-2: Ball 3-2: Foul Ball, location: 2F 3-2: Foul Ball, location: 2F 3-2: Foul Ball, location: 2F 3-2: Ground out 6-3 (Groundball, 6, EV 83.1 MPH)
|
|
Batting: RHB Edgar Landim
|
0-0: Called Strike 0-1: Ball 1-1: Fly out, F7 (Flyball, 7LS, EV 93.8 MPH)
|
|
Batting: RHB Bastiaan Leenders
|
0-0: Ball 1-0: Fly out, F7 (Flyball, 7D, EV 85.6 MPH)
|
| Bottom of the 2nd over - 0 runs, 0 hits, 0 errors, 0 left on base; Spokane 0 - Vermont 0 |
| TOP OF THE 3RD |
|
Spokane Indians batting - Pitching for Vermont Lake Monsters : RHP Matt Constantino
|
|
Batting: LHB Casper Kersten
|
0-0: Ball 1-0: Swinging Strike 1-1: Foul Ball, location: 2F 1-2: Strikes out swinging
|
|
Batting: RHB Reilly Hawkins
|
0-0: Ball 1-0: Foul Ball, location: 2F 1-1: Foul Ball, location: 2F 1-2: Ball 2-2: Strikes out looking
|
|
Batting: LHB Paul Perry
|
0-0: Swinging Strike 0-1: Ground out U3 (Groundball, 3L, EV 87.5 MPH)
|
| Top of the 3rd over - 0 runs, 0 hits, 0 errors, 0 left on base; Spokane 0 - Vermont 0 |
| BOTTOM OF THE 3RD |
|
Vermont Lake Monsters batting - Pitching for Spokane Indians : RHP Taylor Drews
|
|
Batting: RHB Fathi Addae
|
0-0: Ground out 5-3 (Groundball, 56, EV 91.9 MPH)
|
|
Batting: RHB D.J. Torres
|
0-0: Ball 1-0: Foul Ball, location: 2F 1-1: Ball 2-1: Foul Ball, location: 2F 2-2: Ball 3-2: SINGLE (Groundball, 56, EV 99.4 MPH)
|
|
Batting: RHB Justin Menotti
|
Pickoff Throw to First - Out! 1-3 0-0: Called Strike 0-1: Foul Ball, location: 2F 0-2: Strikes out looking
|
| Bottom of the 3rd over - 0 runs, 1 hit, 0 errors, 0 left on base; Spokane 0 - Vermont 0 |
| TOP OF THE 4TH |
|
Spokane Indians batting - Pitching for Vermont Lake Monsters : RHP Matt Constantino
|
|
Batting: LHB Gabriel Graves
|
0-0: Called Strike 0-1: Ball 1-1: Ball 2-1: Ball 3-1: SINGLE (Groundball, 4MD, EV 95.6 MPH)
|
|
Batting: RHB Luke Stark
|
0-0: Called Strike 0-1: Foul Ball, location: 2F 0-2: Ball 1-2: Ball 2-2: Foul Ball, location: 2F 2-2: Foul Ball, location: 2F 2-2: Ground out 4-3 (Groundball, 34S, EV 85.0 MPH) Gabriel Graves to second
|
|
Batting: RHB Josh Whitmore
|
0-0: Foul Ball, location: 2F 0-1: Foul Ball, location: 2F 0-2: Foul Ball, location: 2F 0-2: Ground out 5-3 (Groundball, 56, EV 85.0 MPH)
|
|
Batting: SHB Kaname Fujimoto
|
0-0: Fly out, F7 (Flyball, 7LD, EV 98.1 MPH)
|
| Top of the 4th over - 0 runs, 1 hit, 0 errors, 1 left on base; Spokane 0 - Vermont 0 |
| BOTTOM OF THE 4TH |
|
Vermont Lake Monsters batting - Pitching for Spokane Indians : RHP Taylor Drews
|
|
Batting: RHB Carlos Martinez
|
0-0: Ball 1-0: Swinging Strike 1-1: Foul Ball, location: 2F 1-2: Ball 2-2: DOUBLE (Line Drive, 78M, EV 86.2 MPH)
|
|
Batting: RHB Mario Ramos
|
0-0: Called Strike 0-1: Ground out 6-3 (Groundball, 6, EV 83.1 MPH) Carlos Martinez to third
|
|
Batting: LHB Cy Ostrowski
|
0-0: Ball 1-0: Foul Ball, location: 2F 1-1: Fly out, F7 (Flyball, 78S, EV 86.9 MPH)
|
|
Batting: RHB Manny Vizzerra
|
0-0: Ball 1-0: Ball 2-0: Foul Ball, location: 2F 2-1: Foul Ball, location: 2F 2-2: Foul Ball, location: 2F 2-2: Ball 3-2: Ground out 6-3 (Groundball, 6, EV 88.8 MPH)
|
| Bottom of the 4th over - 0 runs, 1 hit, 0 errors, 1 left on base; Spokane 0 - Vermont 0 |
| TOP OF THE 5TH |
|
Spokane Indians batting - Pitching for Vermont Lake Monsters : RHP Matt Constantino
|
|
Batting: RHB Josh Ferguson
|
0-0: Fly out, F9 (Flyball, 89M, EV 86.2 MPH)
|
|
Batting: RHB Matt Strong
|
0-0: Ball 1-0: Ball 2-0: Ground out 5-3 (Groundball, 56S, EV 73.8 MPH)
|
|
Batting: LHB Casper Kersten
|
0-0: Ball 1-0: Ball 2-0: Called Strike 2-1: Swinging Strike 2-2: Strikes out swinging
|
| Top of the 5th over - 0 runs, 0 hits, 0 errors, 0 left on base; Spokane 0 - Vermont 0 |
| BOTTOM OF THE 5TH |
|
Vermont Lake Monsters batting - Pitching for Spokane Indians : RHP Taylor Drews
|
|
Batting: RHB Edgar Landim
|
0-0: Ground out 6-3 (Groundball, 6, EV 98.8 MPH)
|
|
Batting: RHB Bastiaan Leenders
|
0-0: Called Strike 0-1: Ball 1-1: Foul Ball, location: 2F 1-2: Ground out 6-3 (Groundball, 6S, EV 91.9 MPH)
|
|
Batting: RHB Fathi Addae
|
0-0: Foul Ball, location: 2F 0-1: Foul Ball, location: 2F 0-2: Ball 1-2: Ball 2-2: Foul Ball, location: 2F 2-2: Ground out 5-3 (Groundball, 56S, EV 61.9 MPH)
|
| Bottom of the 5th over - 0 runs, 0 hits, 0 errors, 0 left on base; Spokane 0 - Vermont 0 |
| TOP OF THE 6TH |
|
Spokane Indians batting - Pitching for Vermont Lake Monsters : RHP Matt Constantino
|
|
Batting: RHB Reilly Hawkins
|
0-0: Ball 1-0: Ball 2-0: Ball 3-0: Called Strike 3-1: Foul Ball, location: 2F 3-2: Base on Balls
|
|
Batting: LHB Paul Perry
|
0-0: Ball 1-0: Called Strike 1-1: Foul Ball, location: 2F 1-2: Ball 2-2: Fly out, F8 (Flyball, 8RD, EV 102.5 MPH)
|
|
Batting: LHB Gabriel Graves
|
0-0: Ball Reilly Hawkins steals 2nd base 1-0: Intentional Walk
|
|
Batting: RHB Luke Stark
|
0-0: Called Strike 0-1: Called Strike 0-2: Strikes out swinging
|
|
Batting: RHB Josh Whitmore
|
0-0: Ball 1-0: Called Strike 1-1: Foul Ball, location: 2F 1-2: Ball Wild Pitch! Reilly Hawkins to third Gabriel Graves to second 2-2: Foul Ball, location: 2F 2-2: Fly out, F2 (Popup, 5SF, EV 83.1 MPH)
|
| Top of the 6th over - 0 runs, 0 hits, 0 errors, 2 left on base; Spokane 0 - Vermont 0 |
| BOTTOM OF THE 6TH |
|
Vermont Lake Monsters batting - Pitching for Spokane Indians : RHP Taylor Drews
|
|
Batting: RHB D.J. Torres
|
0-0: Ground out 3-1 (Groundball, 34S, EV 84.4 MPH)
|
|
Batting: RHB Justin Menotti
|
0-0: Ball 1-0: Foul Ball, location: 2F 1-1: Foul Ball, location: 2F 1-2: Ball 2-2: Ground out 4-3 (Groundball, 4S, EV 90.0 MPH)
|
|
Batting: RHB Carlos Martinez
|
0-0: Called Strike 0-1: Ball 1-1: Called Strike 1-2: Ball 2-2: Ground out 6-3 (Groundball, 6, EV 83.8 MPH)
|
| Bottom of the 6th over - 0 runs, 0 hits, 0 errors, 0 left on base; Spokane 0 - Vermont 0 |
| TOP OF THE 7TH |
|
Spokane Indians batting - Pitching for Vermont Lake Monsters : RHP Matt Constantino
|
|
Batting: SHB Kaname Fujimoto
|
0-0: Foul Ball, location: 2F 0-1: Ground out 6-3 (Groundball, 6S, EV 85.0 MPH)
|
|
Batting: RHB Josh Ferguson
|
0-0: Ball 1-0: Foul Ball, location: 2F 1-1: Ground out 5-3 (Groundball, 56, EV 101.2 MPH)
|
|
Batting: RHB Matt Strong
|
0-0: Ball 1-0: Fly out, F9 (Flyball, 89M, EV 78.8 MPH)
|
| Top of the 7th over - 0 runs, 0 hits, 0 errors, 0 left on base; Spokane 0 - Vermont 0 |
| BOTTOM OF THE 7TH |
|
Vermont Lake Monsters batting - Pitching for Spokane Indians : RHP Taylor Drews
|
|
Batting: RHB Mario Ramos
|
0-0: Ball 1-0: Ground out 5-3 (Groundball, 56, EV 83.8 MPH)
|
|
Batting: LHB Cy Ostrowski
|
0-0: Ball 1-0: Ball 2-0: Called Strike 2-1: Foul Ball, location: 2F 2-2: Ball 3-2: Fly out, F7 (Flyball, 7, EV 91.9 MPH)
|
|
Batting: RHB Manny Vizzerra
|
0-0: Called Strike 0-1: Ball 1-1: Swinging Strike 1-2: Ball 2-2: Fly out, F9 (Flyball, 9S, EV 80.6 MPH)
|
| Bottom of the 7th over - 0 runs, 0 hits, 0 errors, 0 left on base; Spokane 0 - Vermont 0 |
| TOP OF THE 8TH |
|
Spokane Indians batting - Pitching for Vermont Lake Monsters : RHP Matt Constantino
|
|
Batting: LHB Casper Kersten
|
0-0: Swinging Strike 0-1: Foul Ball, location: 2F 0-2: Strikes out swinging
|
|
Pinch Hitting: SHB Josh Schultze
|
0-0: Ball 1-0: Ground out 4-3 (Groundball, 4, EV 104.4 MPH)
|
|
Batting: LHB Paul Perry
|
0-0: Foul Ball, location: 2F 0-1: Called Strike 0-2: Ball 1-2: SOLO HOME RUN (Flyball, 8RXD, EV 115.0 MPH), Distance : 439 ft
|
|
Batting: LHB Gabriel Graves
|
0-0: Ball 1-0: Ball 2-0: Called Strike 2-1: Swinging Strike 2-2: Ball 3-2: Strikes out swinging
|
| Top of the 8th over - 1 run, 1 hit, 0 errors, 0 left on base; Spokane 1 - Vermont 0 |
| BOTTOM OF THE 8TH |
|
Vermont Lake Monsters batting - Pitching for Spokane Indians : RHP Taylor Drews
|
|
Now at 3B: Sal Espinosa
|
|
|
Now at SS: Rafael Medina
|
|
|
Now in CF: Casper Kersten
|
|
|
Batting: RHB Edgar Landim
|
0-0: Ball 1-0: Foul Ball, location: 2F 1-1: Foul Ball, location: 2F 1-2: Ball 2-2: Hit by Pitch
|
|
Batting: RHB Bastiaan Leenders
|
0-0: Foul Ball, location: 2F 0-1: Ball 1-1: Sac Bunt to P - play at second, runner OUT! 1-6
|
|
Batting: RHB Fathi Addae
|
0-0: Foul Ball, location: 2F 0-1: Foul Ball, location: 2F 0-2: Ball 1-2: Grounds into double play, 4-6-3 (Groundball, 4, EV 83.8 MPH)
|
| Bottom of the 8th over - 0 runs, 0 hits, 0 errors, 0 left on base; Spokane 1 - Vermont 0 |
| TOP OF THE 9TH |
|
Spokane Indians batting - Pitching for Vermont Lake Monsters : RHP Matt Constantino
|
|
Batting: RHB Luke Stark
|
0-0: Called Strike 0-1: Ball 1-1: Ball 2-1: Swinging Strike 2-2: Ball 3-2: Strikes out swinging
|
|
Pitching: RHP Ben Jennings
|
|
|
Batting: RHB Josh Whitmore
|
0-0: Ball 1-0: SINGLE (Flyball, 8LS, EV 98.8 MPH)
|
|
Batting: SHB Kaname Fujimoto
|
0-0: Called Strike Josh Whitmore steals 2nd base (no throw) 0-1: Ball 1-1: Intentional Walk
|
|
Batting: RHB Josh Ferguson
|
0-0: Ball 1-0: Ball 2-0: Ball 3-0: Called Strike 3-1: Called Strike 3-2: Foul Ball, location: 2F 3-2: DOUBLE (Groundball, 5L, EV 100.0 MPH) Josh Whitmore scores Kaname Fujimoto to third
|
|
Pinch Hitting: LHB Jesus Romero
|
0-0: Intentional Walk
|
|
Batting: LHB Casper Kersten
|
0-0: Ball 1-0: Foul Ball, location: 2F 1-1: Foul Ball, location: 2F 1-2: Ball 2-2: Grounds into double play, 5-2-3 (Groundball, 56, EV 106.2 MPH)
|
| Top of the 9th over - 1 run, 2 hits, 0 errors, 2 left on base; Spokane 2 - Vermont 0 |
| BOTTOM OF THE 9TH |
|
Vermont Lake Monsters batting - Pitching for Spokane Indians : RHP Taylor Drews
|
|
Pitching: RHP Torsten Fisher
|
|
|
Now at 1B: Herb Craig
|
|
|
Now in RF: Dave Doughty
|
|
|
Batting: RHB D.J. Torres
|
0-0: Ball 1-0: Called Strike 1-1: Foul Ball, location: 2F 1-2: Strikes out swinging
|
|
Pinch Hitting: RHB Dave Vezina
|
0-0: Called Strike 0-1: Ball 1-1: Ball 2-1: Ground out 5-3 (Groundball, 56, EV 85.0 MPH)
|
|
Batting: RHB Carlos Martinez
|
0-0: Called Strike 0-1: Foul Ball, location: 2F 0-2: Ball 1-2: Ball 2-2: Strikes out swinging
|
| Bottom of the 9th over - 0 runs, 0 hits, 0 errors, 0 left on base; Spokane 2 - Vermont 0 |
|